 Dungeon Crawl Stone Soup version 0.31-a0-236-g9a0961fb85 (webtiles) character file.

Game seed: 8038267742776115733

5718 qw the Skirmisher (level 10, -5/88 HPs)
             Began as a Minotaur Hexslinger on July 9, 2023.
             Was a Priest of Okawaru.
             Shot with an arrow by a centaur warrior (14 damage)
             ... on level 9 of the Dungeon.
             The game lasted 00:02:45 (6962 turns).

qw the Skirmisher (Minotaur Hexslinger)             Turns: 6962, Time: 00:02:46

Health: -5/88      AC:  8    Str: 14    XL:     10   Next: 48%
Magic:  10/12      EV: 22    Int: 10    God:    Okawaru [***...]
Gold:   141        SH:  5    Dex: 16    Spells: 10/11 levels left

rFire   . . .        Y - +4 arbalest (drain)
rCold   + . .        (shield currently unavailable)
rNeg    . . .        e - +0 steam dragon scales
rPois   .            (helmet restricted)
rElec   .            (no cloak)
rCorr   .            f - +0 pair of gloves
SInv    .            (no boots)
Will    .....        k - amulet of reflection
Stlth   +++          l - ring of protection from cold
HPRegen 0.34/turn    c - +5 ring of evasion
MPRegen 0.13/turn

%: reflection
@: heroic
A: horns 2, retaliatory headbutt
a: Renounce Religion, Heroism


You were on level 9 of the Dungeon.
You worshipped Okawaru.
Okawaru was most pleased with you.
You visited 2 branches of the dungeon, and saw 10 of its levels.

You collected 445 gold pieces.
You spent 304 gold pieces at shops.


Innate Abilities, Weirdness & Mutations

You have a pair of horns on your head.
You reflexively headbutt those who attack you in melee.


   Skills:
 + Level 8.1(13.1) Fighting
 - Level 13.3(18.3) Ranged Weapons
 - Level 5.0(10.0) Armour
 - Level 5.0(10.0) Dodging
 - Level 1.0 Spellcasting
 - Level 2.0 Hexes
 - Level 4.1 Invocations


You had 10 spell levels left.
You knew the following spells:

 Your Spells              Type           Power      Damage    Failure   Level
a - Slow                  Hex            16%        N/A       16%         1

Your spell library contained the following spells:

 Spells                   Type           Power      Damage    Failure   Level
 Inner Flame              Hex/Fire       2%         N/A       56%         3
 Portal Projectile        Hex/Tloc       4%         N/A       56%         3
 Cause Fear               Hex            2%         N/A       83%         4

Inventory:

Hand Weapons
 Y - a +4 arbalest of draining (weapon)
Armour
 e - +0 steam dragon scales (worn)
 f - a +0 pair of gloves (worn)
Jewellery
 c - a +5 ring of evasion (right hand)
 h - a ring of positive energy
 k - an amulet of reflection (around neck)
 l - a ring of protection from cold (left hand)
Scrolls
 b - 3 scrolls of identify
 d - 4 scrolls of teleportation
Potions
 a - a potion of enlightenment
 g - 2 potions of haste
 i - 3 potions of curing
 n - 2 potions of mutation

Dungeon Overview and Level Annotations

Branches:
Dungeon (9/15)             Temple (1/1) D:6
   Lair: D:8-11         Orc: D:9-12

Altars:
Ashenzari
Cheibriados
Dithmenos
Elyvilon
Fedhas
Gozag
Hepliaklqana
Kikubaaqudgha
Makhleb
Nemelex Xobeh
Okawaru
Qazlal
Ru
Sif Muna
Trog
Vehumet
Wu Jian
Xom
Yredelemnul
Zin
The Shining One

Shops:
D:3 (   D:4 (   D:6 *   D:7 ?


Message History

A deep elf pyromancer comes into view. It is wielding a staff of poison.
The deep elf pyromancer casts a spell.
The deep elf pyromancer blinks!
The deep elf pyromancer moves out of view.
A deep elf pyromancer is nearby!
You shoot a bolt. The bolt hits the deep elf pyromancer.
You drain the deep elf pyromancer.
The deep elf pyromancer is moderately wounded.
You shoot a bolt. The bolt hits the deep elf pyromancer!!
You drain the deep elf pyromancer.
You kill the deep elf pyromancer!
Okawaru is honoured by your kill.
Your Ranged Weapons skill increases to level 13!
Things that are here:
a staff of poison; an elf corpse A centaur warrior comes into view.
Enter note: You shoot a bolt.
The centaur warrior shouts!
The bolt hits the centaur warrior!
The centaur warrior is moderately wounded.
The centaur warrior wields a +0 shortbow.
The centaur warrior shoots an arrow.
The arrow barely misses you.
You shoot a bolt. The bolt hits the centaur warrior!
The centaur warrior is heavily wounded.
The centaur warrior shoots an arrow.
The arrow hits you!
The centaur warrior shoots an arrow.
The arrow hits you!!
6960 ||| INVOKING Heroism.
You gain the combat prowess of a mighty hero.
The centaur warrior shoots an arrow.
The arrow hits you!
The centaur warrior shoots an arrow.
The arrow hits you!
You shoot a bolt. The bolt hits the centaur warrior!
You drain the centaur warrior.
The centaur warrior is severely wounded.
The centaur warrior shoots an arrow.
The arrow hits you!
You shoot a bolt.
The bolt closely misses the centaur warrior.
The centaur warrior shoots an arrow.
The arrow hits you!
The centaur warrior shoots an arrow.
The arrow hits you!
You die...

##. #.. ## . ##.. .#
.. ###...###.# ...
#......#..#..c.
..............
.....# .# #......#
.....###.#. ##..@#
......#..#..#...##
.....!#..##.....#
.##..##..#####.#####
.##..##..#...|..?..#
.....##..#.####..#.#
.......).#.........#
.##..##.)###..######
.##..##...).........


You could see a centaur warrior (drained).

Vanquished Creatures
  2 two-headed ogres
  A deep elf pyromancer (D:9)
  A deep elf zephyrmancer (D:9)
  A hornet (D:8)
  A wyvern (D:9)
  2 steam dragons
  A water moccasin (D:8)
  Edmund (D:6)
  An ice beast (D:4)
  3 orc warriors
  3 black bears
  2 ogres (D:5)
  2 phantoms
  3 kobold brigands
  2 bullfrogs
  5 scorpions
  3 wights (D:8)
  6 killer bees
  2 howler monkeys
  2 lava snakes (D:7)
  4 jellies
  2 orc priests
  2 hounds
  2 sleepcaps
  A gnoll bouda (D:6)
  2 iguanas
  Natasha (thrice) (D:3)
  6 orc wizards
  4 gnolls (D:6)
  8 adders
  2 shadow imps
  A white imp (D:8)
  2 dart slugs
  A worm (D:3)
  17 orcs
  6 bats
  7 endoplasms
  3 giant cockroaches
  6 hobgoblins
  12 jackals
  7 quokkas
  13 ball pythons
  5 frilled lizards
  11 goblins
  22 kobolds
  3 rats
196 creatures vanquished.

Notes
Turn   | Place    | Note
-------+----------+-------------------------------------------
     0 | D:1      | qw the Minotaur Hexslinger began the quest for the Orb.
     0 | D:1      | Reached XP level 1. HP: 16/16 MP: 1/1
     0 | D:1      | 0 ||| qw: Version: 0.3-a-51-g015441d
     0 | D:1      | 0 ||| qw: Game counter: 4421
     0 | D:1      | 0 ||| qw: Melee chars always use a shield: true
     0 | D:1      | 0 ||| qw: God list: Okawaru
     0 | D:1      | 0 ||| qw: Allow faded altars: false
     0 | D:1      | 0 ||| qw: Do Orc after clearing Dungeon:15 true
     0 | D:1      | 0 ||| qw: Do second Lair branch before Depths: true
     0 | D:1      | 0 ||| qw: Lair rune preference: random
     0 | D:1      | 0 ||| qw: Goals: Normal
     0 | D:1      | 0 ||| PLANNING D:1-11
   140 | D:1      | Reached skill level 3 in Ranged Weapons
   201 | D:1      | Reached XP level 2. HP: 23/23 MP: 2/2
   720 | D:1      | Reached XP level 3. HP: 29/29 MP: 3/3
   723 | D:1      | 723 ||| UPGRADING to +0 leather armour.
   733 | D:1      | 733 ||| DROPPING +0 robe.
   734 | D:1      | 734 ||| UPGRADING to amulet of reflection.
   739 | D:1      | 739 ||| UPGRADING to ring of protection from cold.
   740 | D:1      | 740 ||| READING scroll labelled TOINUU BUADGH.
   741 | D:1      | 741 ||| READING scroll labelled DAEPTE KETEFF.
   742 | D:1      | 742 ||| READING scroll labelled PONNUI SA GAUPS.
   743 | D:1      | 743 ||| READING scroll labelled JUFUKE EDWUSOST.
   747 | D:1      | 747 ||| DROPPING scroll of poison.
   834 | D:2      | Reached skill level 4 in Ranged Weapons
   929 | D:2      | 929 ||| FLEEEEING.
   963 | D:2      | Reached XP level 4. HP: 36/36 MP: 4/4
  1007 | D:2      | Identified the +8 dagger of the Eight Coins {spect, rCorr}
  1111 | D:2      | 1111 ||| READING scroll of enchant weapon.
  1111 | D:2      | 1111 ||| ENCHANTING +2 sling.
  1401 | D:2      | 1401 ||| UPGRADING to +0 ring mail.
  1411 | D:2      | 1411 ||| DROPPING +0 leather armour.
  1412 | D:2      | 1412 ||| DROPPING ring of flight.
  1413 | D:2      | 1413 ||| READING scroll labelled APHACK VIYD.
  1414 | D:2      | 1414 ||| DRINKING 2 glowing pink potions.
  1415 | D:2      | 1415 ||| DROPPING potion of brilliance.
  1439 | D:3      | Found Kuopp's Antique Weapon Shoppe.
  1449 | D:3      | 1449 ||| DRINKING 2 fizzy green potions.
  1541 | D:3      | Noticed Natasha
  1552 | D:3      | Killed Natasha
  1553 | D:3      | Reached skill level 1 in Armour
  1668 | D:3      | Reached skill level 5 in Ranged Weapons
  1746 | D:3      | Noticed Natasha
  1748 | D:3      | Killed Natasha
  1749 | D:3      | Reached XP level 5. HP: 40/44 MP: 5/5
  1786 | D:3      | Noticed Natasha
  1794 | D:3      | Killed Natasha
  1795 | D:3      | Reached skill level 3 in Fighting
  1999 | D:3      | 1999 ||| READING scroll labelled SISENEISIMM.
  2000 | D:3      | 2000 ||| READING scroll labelled PIH BOFOESEYZ.
  2001 | D:3      | 2001 ||| READING 2 scrolls of identify.
  2001 | D:3      | 2001 ||| IDENTIFYING fizzy white potion
  2002 | D:3      | 2002 ||| DROPPING potion of degeneration.
  2100 | D:4      | Noticed an ice beast
  2115 | D:4      | Killed an ice beast
  2116 | D:4      | Reached XP level 6. HP: 30/51 MP: 6/6
  2203 | D:4      | Reached skill level 6 in Ranged Weapons
  2361 | D:4      | 2361 ||| FLEEEEING.
  2362 | D:4      | 2362 ||| FLEEEEING.
  2364 | D:4      | 2364 ||| FLEEEEING.
  2365 | D:4      | 2365 ||| FLEEEEING.
  2366 | D:4      | 2366 ||| FLEEEEING.
  2367 | D:4      | 2367 ||| FLEEEEING.
  2368 | D:4      | 2368 ||| FLEEEEING.
  2370 | D:4      | 2370 ||| FLEEEEING.
  2371 | D:4      | 2371 ||| FLEEEEING.
  2372 | D:4      | 2372 ||| FLEEEEING.
  2373 | D:4      | 2373 ||| FLEEEEING.
  2374 | D:4      | 2374 ||| FLEEEEING.
  2375 | D:4      | 2375 ||| FLEEEEING.
  2376 | D:4      | 2376 ||| FLEEEEING.
  2378 | D:4      | 2378 ||| FLEEEEING.
  2379 | D:4      | 2379 ||| FLEEEEING.
  2380 | D:4      | 2380 ||| FLEEEEING.
  2381 | D:4      | 2381 ||| FLEEEEING.
  2382 | D:4      | 2382 ||| FLEEEEING.
  2383 | D:4      | 2383 ||| FLEEEEING.
  2384 | D:4      | 2384 ||| FLEEEEING.
  2385 | D:4      | 2385 ||| FLEEEEING.
  2386 | D:4      | 2386 ||| FLEEEEING.
  2387 | D:4      | 2387 ||| FLEEEEING.
  2388 | D:4      | 2388 ||| FLEEEEING.
  2389 | D:4      | 2389 ||| FLEEEEING.
  2390 | D:4      | 2390 ||| FLEEEEING.
  2393 | D:4      | 2393 ||| FLEEEEING.
  2394 | D:4      | 2394 ||| FLEEEEING.
  2397 | D:4      | 2397 ||| FLEEEEING.
  2398 | D:4      | 2398 ||| FLEEEEING.
  2399 | D:4      | 2399 ||| FLEEEEING.
  2400 | D:4      | 2400 ||| FLEEEEING.
  2401 | D:4      | 2401 ||| FLEEEEING.
  2402 | D:4      | 2402 ||| FLEEEEING.
  2403 | D:4      | 2403 ||| FLEEEEING.
  2404 | D:4      | 2404 ||| FLEEEEING.
  2733 | D:4      | Found Jiclaum's Weapon Shoppe.
  2741 | D:4      | 2741 ||| BUYING +1 arbalest of draining (151 gold).
  2741 | D:4      | Bought a +1 arbalest of draining for 151 gold pieces
  2741 | D:4      | 2741 ||| SWAPPING to +1 arbalest of draining.
  2742 | D:4      | 2742 ||| DROPPING +3 sling.
  2884 | D:4      | 2884 ||| UPGRADING to +5 ring of evasion.
  2885 | D:4      | 2885 ||| READING scroll labelled ITIXAU SEGGAOCO.
  2894 | D:5      | Entered Level 5 of the Dungeon
  2903 | D:5      | Reached skill level 7 in Ranged Weapons
  2912 | D:5      | Reached XP level 7. HP: 59/59 MP: 7/7
  2961 | D:5      | Reached skill level 8 in Ranged Weapons
  3073 | D:5      | 3073 ||| READING scroll of enchant weapon.
  3073 | D:5      | 3073 ||| ENCHANTING +1 arbalest of draining.
  3180 | D:5      | Reached skill level 9 in Ranged Weapons
  3180 | D:5      | Reached XP level 8. HP: 70/70 MP: 8/8
  3293 | D:5      | Found a bloodstained altar of Trog.
  3309 | D:5      | Reached skill level 6 in Fighting
  3415 | D:5      | 3415 ||| READING scroll labelled KERGHU WEKATE.
  3416 | D:5      | 3416 ||| READING 3 scrolls labelled MEMOAL RYJEMP.
  3417 | D:5      | 3417 ||| READING 5 scrolls of identify.
  3417 | D:5      | 3417 ||| IDENTIFYING purple potion
  3418 | D:5      | 3418 ||| READING 4 scrolls of identify.
  3418 | D:5      | 3418 ||| IDENTIFYING golden potion
  3419 | D:5      | 3419 ||| READING 3 scrolls of identify.
  3419 | D:5      | 3419 ||| IDENTIFYING green potion
  3420 | D:5      | 3420 ||| READING 2 scrolls of identify.
  3420 | D:5      | 3420 ||| IDENTIFYING ruby potion
  3421 | D:5      | 3421 ||| DROPPING potion of lignification.
  3422 | D:5      | 3422 ||| DROPPING potion of magic.
  3423 | D:5      | 3423 ||| DROPPING 2 scrolls of revelation.
  3612 | D:6      | Noticed Edmund
  3623 | D:6      | Killed Edmund
  3624 | D:6      | Reached skill level 3 in Dodging
  3633 | D:6      | 3633 ||| Stepping ~*~*~tactically~*~*~ (outnumbered).
  3688 | D:6      | Identified the +3 sling of the Bellicose God {freeze, rC+
                  | rCorr Str+4}
  3756 | D:6      | HP: 5/70 [orc priest/divine providence (16)]
  3757 | D:6      | 3757 ||| DRINKING potion of heal wounds.
  3957 | D:6      | Found Iqycaor's CLEARANCE SALE!.
  3966 | D:6      | 3966 ||| BUYING potion of haste (30 gold).
  3966 | D:6      | Bought a potion of haste for 30 gold pieces
  4056 | D:6      | Reached skill level 10 in Ranged Weapons
  4343 | D:6      | Found a staircase to the Ecumenical Temple.
  4344 | D:6      | 4344 ||| PLANNING TEMPLE
  4344 | D:6      | 4344 ||| DRINKING 2 fizzy clear potions.
  4345 | D:6      | 4345 ||| DROPPING potion of attraction.
  4354 | Temple   | Entered the Ecumenical Temple
  4424 | Temple   | 4424 ||| PLANNING OKAWARU WORSHIP
  4689 | Temple   | Became a worshipper of Warmaster Okawaru
  4690 | Temple   | 4690 ||| PLANNING D:1-11
  5230 | D:7      | Reached XP level 9. HP: 79/79 MP: 9/9
  5266 | D:7      | Reached * piety under Okawaru
  5286 | D:7      | 5286 ||| INVOKING Heroism.
  5294 | D:7      | Reached skill level 11 in Ranged Weapons
  5494 | D:7      | Found Ifatul's Magic Scroll Shoppe.
  5506 | D:7      | 5506 ||| BUYING scroll of enchant weapon (97 gold).
  5506 | D:7      | Bought a scroll of enchant weapon for 97 gold pieces
  5506 | D:7      | 5506 ||| SHOPLISTING scroll of enchant weapon (97 gold,
                  | have 77).
  5506 | D:7      | 5506 ||| BUYING scroll of identify (26 gold).
  5506 | D:7      | Bought a scroll of identify for 26 gold pieces
  5506 | D:7      | 5506 ||| READING scroll of enchant weapon.
  5506 | D:7      | 5506 ||| ENCHANTING +2 arbalest of draining.
  5867 | D:7      | 5867 ||| UPGRADING to +0 steam dragon scales.
  5877 | D:7      | 5877 ||| DROPPING +0 ring mail.
  5878 | D:7      | 5878 ||| UPGRADING to +0 pair of gloves.
  5883 | D:7      | 5883 ||| READING scroll labelled NAMOIR TENAKA.
  5884 | D:7      | 5884 ||| READING 4 scrolls of identify.
  5884 | D:7      | 5884 ||| IDENTIFYING silvery potion
  5966 | D:8      | Reached skill level 1 in Invocations
  6198 | D:8      | Noticed a two-headed ogre
  6199 | D:8      | 6199 ||| INVOKING Heroism.
  6202 | D:8      | Killed a two-headed ogre
  6203 | D:8      | Reached skill level 12 in Ranged Weapons
  6280 | D:8      | 6280 ||| READING scroll of enchant weapon.
  6280 | D:8      | 6280 ||| ENCHANTING +3 arbalest of draining.
  6397 | D:8      | Reached ** piety under Okawaru
  6665 | D:8      | 6665 ||| FLEEEEING.
  6666 | D:8      | 6666 ||| FLEEEEING.
  6674 | D:8      | 6674 ||| FLEEEEING.
  6675 | D:8      | 6675 ||| FLEEEEING.
  6829 | D:8      | 6829 ||| READING 4 scrolls of identify.
  6829 | D:8      | 6829 ||| IDENTIFYING pink potion
  6867 | D:9      | 6867 ||| INVOKING Heroism.
  6868 | D:9      | Noticed a two-headed ogre
  6876 | D:9      | Killed a two-headed ogre
  6877 | D:9      | Reached XP level 10. HP: 67/88 MP: 10/12
  6891 | D:9      | Noticed a deep elf zephyrmancer
  6893 | D:9      | Killed a deep elf zephyrmancer
  6897 | D:9      | Reached *** piety under Okawaru
  6946 | D:9      | Noticed a deep elf pyromancer
  6949 | D:9      | Killed a deep elf pyromancer
  6950 | D:9      | Reached skill level 13 in Ranged Weapons
  6957 | D:9      | Noticed a centaur warrior
  6960 | D:9      | 6960 ||| INVOKING Heroism.
  6962 | D:9      | HP: 9/88 [centaur warrior/arrow (15)]
  6962 | D:9      | Shot with an arrow by a centaur warrior

Levels and vault maps discovered:
D:1:      ncdulo_halloftheorcs, layout_basic, minivault_11
D:2:      layout_basic
D:3:      layout_rooms, serial_shops, nicolae_shop_crystal, uniq_natasha
D:4:      layout_loops_ring, serial_shops, shop, minmay_stone_trees_small
D:5:      layout_rooms, trog_ov_bears_minmay
D:6:      layout_loops_corners, minmay_temple_entry_mini_moons, st_stairs_13,
          nicolae_shop_clearance, uniq_edmund
D:7:      layout_loops_ring, serial_shops, nicolae_shop_tiny_waterfront,
          nicolae_lava_and_water, eino_small_chamber_without_monster,
          kennysheep_pointless_box, nrook_campfire
D:8:      layout_loops_corners, enter_bailey_5, minmay_misc_feat_iff
D:9:      minmay_the_grid_net [minmay_the_grid_minigrid_small_alt,
          minmay_the_grid_empty, minmay_the_grid_broken_lines,
          minmay_the_grid_dragon_a, minmay_the_grid_eight,
          minmay_the_grid_prize_trominoes], layout_gridville, serial_shops,
          nicolae_shop_rolling_square
Temple:   mainiacjoe_temple_cubbyholes

Skill      XL: |  1  2  3  4  5  6  7  8  9 10 |
---------------+-------------------------------+-----
Ranged Weapons | 3 4 5 7 9 10 12 13 | 13.3
Fighting       | 2 3 4 5 7 8 |  8.1
Armour         | 1 2 5 |  5.0
Dodging        | 3 5 |  5.0
Invocations    | 4 |  4.1
Spellcasting   | |  1.0
Hexes          | |  2.0

Action                     |  1- 3 |  4- 6 |  7- 9 | 10-12 || total
---------------------------+-------+-------+-------+-------++-------
   Fire: Sling             |   120 |   161 |       |       ||   281
         Arbalest          |       |    16 |   250 |    23 ||   289
 Invoke: Heroism           |       |       |     3 |     1 ||     4
    Use: Scroll            |     4 |     6 |    12 |       ||    22
         Potion            |       |     2 |     2 |       ||     4
 Armour: Robe              |     9 |       |       |       ||     9
         Leather armour    |     4 |     4 |       |       ||     8
         Ring mail         |       |    14 |    29 |       ||    43
         Steam dragon scal |       |       |     1 |       ||     1
  Dodge: Dodged            |    32 |    53 |   109 |     4 ||   198
  Block: Other             |     1 |    22 |    46 |     1 ||    70
         Reflection        |       |       |     2 |       ||     2

Table legend:
 A = Non-vault XP
 B = Vault XP
 C = Vault XP percentage of total XP
 D = Non-vault monster count
 E = Vault monster count
 F = Vault count percentage of total count
                 A         B        C        D         E       F
            +---------+---------+-------+---------+---------+-------
      Total |    5037 |    3132 |  38.3 |     178 |      18 |   9.2
            +---------+---------+-------+---------+---------+-------
        D:1 |      41 |       0 |   0.0 |      27 |       0 |   0.0
        D:2 |      91 |       0 |   0.0 |      29 |       0 |   0.0
        D:3 |      90 |      36 |  28.6 |      13 |       1 |   7.1
        D:4 |     348 |       0 |   0.0 |      23 |       0 |   0.0
        D:5 |     748 |     252 |  25.2 |      24 |       2 |   7.7
        D:6 |     694 |     196 |  22.0 |      19 |       2 |   9.5
        D:7 |     906 |       0 |   0.0 |      28 |       0 |   0.0
        D:8 |    1932 |       5 |   0.3 |      14 |       4 |  22.2
        D:9 |     187 |    2643 |  93.4 |       1 |       9 |  90.0
            +---------+---------+-------+---------+---------+-------
